 Dungeon Crawl Stone Soup version 0.30-a0-715-gdb4ae3ece1 (webtiles) character file.

Game seed: 13438578562525100433

509 M4edhros the Insei (level 7, -3/45 HPs)
             Began as an Octopode Artificer on Jan 23, 2023.
             Was a Follower of Cheibriados.
             Slain by a sky beast (6 damage)
             ... on level 5 of the Dungeon.
             The game lasted 00:03:57 (4197 turns).

M4edhros the Insei (Octopode Artificer)             Turns: 4197, Time: 00:03:57

Health: -3/45      AC:  1    Str: 11 (14) XL:     7   Next: 19%
Magic:  16/16      EV: 14    Int: 13 (15) God:    Cheibriados [*.....]
Gold:   123        SH:  0    Dex: 13 (16) Spells: 1/6 levels left

rFire   . . .      SeeInvis .      - Unarmed
rCold   . . .      Faith    .    (no shield)
rNeg    . . .      Spirit   .    (helmet restricted)
rPois   .          Reflect  .    (no amulet)
rElec   .          Harm     .    g - ring of magical power
rCorr   .          Rampage  .    (no ring)
Will    .....                    (no ring)
Stlth   +++                      (no ring)
HPRegen 0.27/turn                (no ring)
MPRegen 0.15/turn                (no ring)
                                 (no ring)
                                 (no ring)

@: invisible, very slow
A: almost no armour, amphibious, 8 rings, camouflage 1, gelatinous body 1,
(nimble swimmer 1), tentacles
a: Renounce Religion, Bend Time


You were on level 5 of the Dungeon.
You worshipped Cheibriados.
Cheibriados was aware of your devotion.
You visited 1 branch of the dungeon, and saw 5 of its levels.

You collected 123 gold pieces.

Inventory:

Missiles
 i - 13 poisoned darts
 m - 6 curare-tipped darts
Jewellery
 g - a ring of magical power (left tentacle)
Wands
 b - a wand of flame (12) (quivered)
 c - a wand of charming (14)
 d - a wand of iceblast (5)
 t - a wand of mindburst (18)
Scrolls
 h - 2 scrolls of identify {unknown}
 o - a scroll of enchant weapon {unknown}
 p - a scroll of brand weapon {unknown}
 q - a scroll of amnesia {unknown}
 s - a scroll of enchant armour {unknown}
 u - a scroll of magic mapping {unknown}
 v - a scroll of poison {unknown}
 w - a scroll of immolation {unknown}
Potions
 a - a potion of attraction {unknown}
 e - a potion of invisibility
 f - a potion of mutation {unknown}
 j - a potion of degeneration
 k - a potion of cancellation {unknown}
 l - 5 potions of curing {unknown}
 n - a potion of might {unknown}
 r - a potion of flight {unknown}
 x - a potion of brilliance {unknown}


   Skills:
 + Level 2.9 Fighting
 + Level 3.7 Dodging
 - Level 1.3 Stealth
 - Level 5.0 Unarmed Combat
 + Level 1.8 Summonings
 + Level 1.9 Translocations
 - Level 3.2 Evocations


You had one spell level left.
You knew the following spells:

 Your Spells              Type           Power      Damage    Failure   Level
a - Summon Forest         Summ/Tloc      2%         N/A       98%         5

Your spell library contained the following spells:

 Spells                   Type           Power      Damage    Failure   Level
 Blink                    Tloc           10%        N/A       22%         2
 Lesser Beckoning         Tloc           10%        N/A       22%         2
 Momentum Strike          Conj/Tloc      4%         3d8       32%         2
 Eringya's Noxious Bog    Tmut/Pois      0%         N/A       100%        6
 Summon Hydra             Summ           2%         N/A       100%        7


Dungeon Overview and Level Annotations

Branches:
Dungeon (5/15)
 Temple: D:4-7

Altars:
Cheibriados
Makhleb
Nemelex Xobeh
Okawaru
Uskayaw


Innate Abilities, Weirdness & Mutations

You cannot wear most types of armour.
You are amphibious.
You can wear up to eight rings at the same time.
Your skin changes colour to match your surroundings (Stealth+).
Your rubbery body absorbs attacks. (AC +1, EV +1)
((You are camouflaged when in or above water. (Stealth+)))
You have tentacles for arms and can constrict up to eight enemies at once.


Message History

The jelly is almost dead.
The jelly barely misses you.
A jelly is nearby!
You bludgeon the jelly!
You kill the jelly!
Cheibriados appreciates the change of pace.
HP restored.
You now have 117 gold pieces (gained 12).
You now have 123 gold pieces (gained 6).
A sky beast comes into view.
A sky beast is nearby!
You bludgeon the sky beast!
Your tentacle-slap misses the sky beast.
The sky beast is moderately wounded.
The sky beast hits you. The sky beast shocks you.
You barely miss the sky beast.
The sky beast is moderately wounded.
The sky beast flickers out of sight!
Deactivating autopickup; reactivate with Ctrl-A.
Something hits you. Something shocks you. Something barely misses you.
Something hits you but does no damage.
Aiming: Throw Flame
Press: ? - help, Shift-Dir - straight line, f - you Something hits you.
Something shocks you. Something completely misses you. Something hits you.
Something shocks you. Something barely misses you.
It was a potion of invisibility.
You fade into invisibility!
Something hits you.
* * * LOW HITPOINT WARNING * * *
Something shocks you.
* * * LOW HITPOINT WARNING * * *
It was a potion of degeneration.
There was something very wrong with that liquid.
You feel weakened.
You feel dopey.
You feel clumsy. Something hits you.
* * * LOW HITPOINT WARNING * * *
Something shocks you.
You die...

......##.. #.... ..
#........ #...# .
##..#...## #...# .#
#..#....## #...# ..#
##..##....###...###..###
##..#..##..#...........#
##....####........###..
.#...## #.#####.##
....## #.## #@# ##..#
#.# #.# ##.# #..# #.#
##.##..... ..#
##.....##. .##
#.....#### .. ......# ..
..###.# .#. ......#


There were no monsters in sight!

Vanquished Creatures
  2 ogres (D:4)
  A necrophage (D:3)
  An orc priest (D:3)
  2 jellies
  A hound (D:4)
  Ijyb (D:3)
  3 gnolls (D:4)
  4 adders
  An ufetubus (D:4)
  2 worms
  A dart slug (D:3)
  4 orcs
  5 ball pythons
  2 bats
  4 endoplasms
  A giant cockroach (D:3)
  6 goblins
  6 hobgoblins
  7 jackals
  2 quokkas
  A frilled lizard (D:3)
  8 kobolds
  5 rats
70 creatures vanquished.

Vanquished Creatures (collateral kills)
  A giant cockroach (D:1)
  A goblin (D:1)
2 creatures vanquished.

Grand Total: 72 creatures vanquished

Notes
Turn   | Place    | Note
-------+----------+-------------------------------------------
     0 | D:1      | M4edhros the Octopode Artificer began the quest for the
                  | Orb.
     0 | D:1      | Reached XP level 1. HP: 13/13 MP: 1/1
   100 | D:1      | Reached skill level 1 in Unarmed Combat
   103 | D:1      | Reached XP level 2. HP: 3/18 MP: 2/2
   304 | D:1      | Reached skill level 2 in Unarmed Combat
   828 | D:1      | Reached XP level 3. HP: 20/23 MP: 3/3
  1153 | D:2      | Found a faded altar of an unknown god.
  1366 | D:2      | Reached skill level 3 in Unarmed Combat
  1886 | D:3      | Found a hide-covered altar of Uskayaw.
  1902 | D:3      | Noticed Ijyb
  1915 | D:3      | Killed Ijyb
  1916 | D:3      | Reached XP level 4. HP: 13/28 MP: 4/4
  2000 | D:3      | Noticed a necrophage
  2007 | D:3      | Killed a necrophage
  2008 | D:3      | Reached skill level 4 in Unarmed Combat
  2008 | D:3      | Reached XP level 5. HP: 27/33 MP: 5/5
  2258 | D:3      | Found a sparkling altar of Nemelex Xobeh.
  2415 | D:3      | Found a snail-covered altar of Cheibriados.
  2458 | D:3      | Reached skill level 5 in Unarmed Combat
  2922 | D:3      | Found a burning altar of Makhleb.
  2969 | D:3      | Became a worshipper of Cheibriados the Contemplative
  2996 | D:4      | Reached XP level 6. HP: 36/39 MP: 6/6
  3039 | D:4      | Learned a level 5 spell: Summon Forest
  3094 | D:4      | Found an iron altar of Okawaru.
  3396 | D:4      | Reached skill level 1 in Translocations
  3426 | D:4      | Reached skill level 1 in Summonings
  3660 | D:4      | Reached * piety under Cheibriados
  4014 | D:4      | Reached XP level 7. HP: 45/45 MP: 7/7
  4071 | D:5      | Entered Level 5 of the Dungeon
  4197 | D:5      | Slain by a sky beast

Illustrated notes

Levels and vault maps discovered:
D:1:      wheals_arrival_linesprint, layout_basic
D:2:      layout_basic, shapermc_ecumenical_altar_pompeii
D:3:      layout_loops_ring, nicolae_overflow_quartered_altars, serial_aquarium,
          aquarium_bridge_square [aquarium_subvault_bridge,
          aquarium_subvault_bridge, aquarium_subvault_wall,
          aquarium_subvault_window], aquarium_window_fake, aquarium_window_fake,
          aquarium_window_corridor_1, aquarium_window_1, aquarium_view_2b,
          aquarium_pool_2, uniq_ijyb
D:4:      layout_loops_ring, mainiacjoe_overflow_brackets, nrook_mini_backslash
D:5:      layout_layer_cave, minmay_misc_feat_five, uniq_edmund, uniq_pikel

Skill      XL: |  1  2  3  4  5  6 |
---------------+-------------------+-----
Unarmed Combat | 1 2 3 4 5 |  5.0
Dodging        | 3 |  3.7
Fighting       | 2 |  2.9
Translocations | 1 |  1.9
Summonings     | 1 |  1.8
Stealth        | |  1.3
Evocations     | |  3.2

Action                     |  1- 3 |  4- 6 |  7- 9 || total
---------------------------+-------+-------+-------++-------
  Melee: Unarmed           |    79 |    78 |     7 ||   164
         Constrict         |    22 |    21 |     1 ||    44
         Tentacles         |    12 |    18 |       ||    30
         Punch             |     3 |     3 |       ||     6
  Evoke: Wand              |     7 |    16 |     2 ||    25
    Use: Potion            |       |       |     2 ||     2
   Stab: Sleeping          |     6 |     9 |     2 ||    17
         Distracted        |     1 |     1 |       ||     2
 Armour: Skin              |    10 |     3 |     1 ||    14
  Dodge: Dodged            |    48 |    50 |     6 ||   104

Table legend: (Time is in decaauts)
 A = Elapsed time spent in this place.
 B = Non-inter-level travel time spent in this place.
 C = Inter-level travel time spent in this place.
 D = Time resting spent in this place.
 E = Time spent auto-exploring this place.
 F = Levels seen in this place.
 G = Mean time per level.
                   A        B        C        D        E       F      G
               +--------+--------+--------+--------+--------+-----+--------+
         Total |   4436 |   4184 |    252 |    355 |   3232 |   5 |  887.2 |
       Dungeon |   4436 |   4184 |    252 |    355 |   3232 |   5 |  887.2 |
               +--------+--------+--------+--------+--------+-----+--------+

Top non-repeatable levels by time:
     D:4: 1292 daAuts
     D:3: 1115 daAuts
     D:1: 1065 daAuts
     D:2: 808 daAuts
     D:5: 155 daAuts
